 Dungeon Crawl Stone Soup version 0.27-a0-1139-g28e009f8a6 (webtiles) character file.

Game seed: 4726454004936393834

613 Zeld the Chucker (level 7, 0/48 HPs)
             Began as an Octopode Fighter on May 7, 2021.
             Slain by an orc
             ... wielding a +0 whip
              (3 damage)
             ... on level 5 of the Dungeon.
             The game lasted 00:08:17 (8255 turns).

Zeld the Chucker (Octopode Fighter)                 Turns: 8255, Time: 00:08:17

Health: 0/48       AC:  1    Str: 17    XL:     7   Next: 44%
Magic:  7/7        EV: 11    Int: 11    God:
Gold:   169        SH:  9    Dex: 11    Spells: 6/6 levels left

rFire    . . .     SeeInvis .   a - +0 war axe
rCold    . . .     Faith    .   b - +0 kite shield
rNeg     . . .     Spirit   .   (helmet restricted)
rPois    .         Reflect  .   (no amulet)
rElec    .         Harm     .   l - ring of resist corrosion
rCorr    +         Rampage  .   (no ring)
Will     .....                  (no ring)
Stlth    ++........             (no ring)
HPRegen  0.16/turn              (no ring)
MPRegen  0.10/turn              (no ring)
                                (no ring)
                                (no ring)

@: mighty
A: almost no armour, amphibious, 8 rings, camouflage 1, gelatinous body 1,
(nimble swimmer 1), tentacles
a: no special abilities


You were on level 5 of the Dungeon.
You visited 2 branches of the dungeon, and saw 8 of its levels.

You collected 169 gold pieces.

Inventory:

Hand Weapons
 a - a +0 war axe (weapon)
Missiles
 o - a boomerang (quivered)
Armour
 b - a +0 kite shield (worn)
Jewellery
 l - a ring of resist corrosion (left tentacle)
 u - a ring of flight
Wands
 s - a wand of charming (5)
Scrolls
 d - a scroll of noise {unknown}
 f - 2 scrolls of vulnerability {unknown}
 g - a scroll of magic mapping {unknown}
 i - 4 scrolls of immolation {unknown}
 k - a scroll of fog {unknown}
 m - 4 scrolls of teleportation {unknown}
 p - a scroll of enchant armour {unknown}
 q - 3 scrolls of identify {unknown}
 r - a scroll of fear {unknown}
Potions
 e - 2 potions of degeneration {unknown}
 h - 3 potions of curing {unknown}
 j - a potion of invisibility {unknown}
 n - a potion of resistance {unknown}
 t - a potion of flight {unknown}
 v - a potion of mutation {unknown}


   Skills:
 - Level 4.1 Fighting
 - Level 3.5 Axes
 * Level 5.7 Throwing
 - Level 3.0 Dodging
 - Level 4.1 Shields


You had 6 spell levels left.
You didn't know any spells.
Your spell library contained the following spells:

 Spells                   Type           Power      Damage    Failure   Level
 Corona                   Hex            0%         N/A       82%         1
 Foxfire                  Conj/Fire      0%         2x1d4     82%         1
 Shock                    Conj/Air       0%         1d3       82%         1
 Ensorcelled Hibernation  Hex/Ice        0%         N/A       91%         2
 Static Discharge         Conj/Air       0%         N/A       91%         2
 Confusing Touch          Hex            0%         N/A       99%         3
 Dazzling Flash           Conj/Hex       0%         N/A       99%         3
 Gell's Gravitas          Tloc           0%         N/A       99%         3
 Swiftness                Air            0%         N/A       99%         3
 Tukima's Dance           Hex            0%         N/A       99%         3
 Airstrike                Air            0%         N/A       100%        4
 Petrify                  Tmut/Erth      0%         N/A       100%        4
 Lightning Bolt           Conj/Air       0%         1d11      100%        5
 Metabolic Englaciation   Hex/Ice        0%         N/A       100%        5
 Yara's Violent Unravell  Hex/Tmut       0%         3d3       100%        5


Dungeon Overview and Level Annotations

Branches:
Dungeon (7/15)             Temple (1/1) D:5

Altars:
Ashenzari
Dithmenos
Elyvilon
Fedhas
Gozag
Hepliaklqana
Kikubaaqudgha
Makhleb
Nemelex Xobeh
Qazlal
Ru
Sif Muna
Trog
Uskayaw
Xom
Yredelemnul
Zin
The Shining One


Innate Abilities, Weirdness & Mutations

You cannot wear most types of armour.
You are amphibious.
You can wear up to eight rings at the same time.
Your skin changes colour to match your surroundings (Stealth+).
Your rubbery body absorbs attacks. (AC +1, EV +1)
((You are camouflaged near water. (Stealth+)))
You have tentacles for arms and can constrict up to eight enemies at once.


Message History

You hear a bark!
The orc wizard gestures at you while chanting.
You resist with some effort.
A hound and an orc come into view.
Okay, then.
Okay, then.
You feel very mighty all of a sudden. The hound barely misses you.
The hound misses you.
You barely miss the hound. Your grab misses the hound.
The hound closely misses you. The hound bites you.
You barely miss the hound. Your grab misses the hound.
You block the hound's attack. x2; You block the orc's attack.
You barely miss the hound. Your grab misses the hound.
You block the hound's attack. The hound bites you. You block the orc's attack.
You closely miss the hound. You grab the hound. You squeeze the hound!
The hound is almost dead.
You constrict the hound.
You kill the hound!
The centaur shoots an arrow.
The arrow hits you!
* * * LOW HITPOINT WARNING * * *
The orc misses you. You block the orc's attack.
You are too injured to fight recklessly!
The centaur unwields a +0 shortbow.
The centaur hits you.
* * * LOW HITPOINT WARNING * * *
The centaur kicks you.
* * * LOW HITPOINT WARNING * * *
The orc barely misses you. x2
The orc wizard points at you and mumbles some strange words.
You resist with some effort.
Found a tower shield.
There is a stone staircase leading up, spattered with blood here.
You barely miss the orc wizard. Your grab misses the orc wizard.
The orc wizard is moderately wounded.
You slash the orc!
You kill the orc!
You barely miss the centaur. You slash the orc! You block the centaur's attack.
The centaur kicks you.
* * * LOW HITPOINT WARNING * * *
The orc hits you with a +0 whip.
You die...

.....# #......≈≈+ #≈≈#
.....#####......≈≈###≈≈#
.......!##......#≈≈≈≈≈≈≈
..................≈≈≈≈≈≈
.......................#
..............#...######
........o#..###...#
....##.o#..##....# ..
#@##.####..##
......hco#.# ####
............
#[...........
............##
............#
...........##
...........#


You could see a centaur, a hound, an orc wizard and 2 orcs.

Vanquished Creatures
  Purgy (D:4)
  An ogre (D:4)
  A howler monkey (D:4)
  2 hounds
  An orc priest (D:3)
  An iguana (D:4)
  4 orc wizards
  A gnoll (D:4)
  7 adders
  An adder skeleton (D:5)
  2 worms
  A dart slug (D:1)
  8 orcs
  5 endoplasms
  2 giant cockroaches
  6 goblins
  8 hobgoblins
  8 jackals (D:1)
  10 kobolds
  2 quokkas
  6 ball pythons
  8 bats
  3 frilled lizards
  5 rats
94 creatures vanquished.

Vanquished Creatures (collateral kills)
  A gnoll (D:4)
  An adder skeleton (D:4)
2 creatures vanquished.

Vanquished Creatures (others)
  2 gnolls (D:4)
  An adder (D:4)
  7 plants (D:1)
10 creatures vanquished.

Grand Total: 106 creatures vanquished

Notes
Turn   | Place    | Note
-------+----------+-------------------------------------------
     0 | D:1      | Zeld the Octopode Fighter began the quest for the Orb.
     0 | D:1      | Reached XP level 1. HP: 16/16 MP: 1/1
    73 | D:1      | Found a faded altar of an unknown god.
    81 | D:1      | Reached XP level 2. HP: 10/21 MP: 2/2
   670 | D:1      | Reached XP level 3. HP: 17/26 MP: 3/3
  1941 | D:2      | Reached XP level 4. HP: 28/32 MP: 4/4
  2948 | D:3      | Reached XP level 5. HP: 32/37 MP: 5/5
  3415 | D:3      | Found a blossoming altar of Fedhas.
  3644 | D:3      | Found a broken altar of Ashenzari.
  3929 | D:4      | You fall into a shaft and drop 3 floors!
  3938 | D:7      | Identified the +4 falchion "Situs" {vorpal, Int+2}
  4097 | D:6      | Found a burning altar of Makhleb.
  4098 | D:6      | Found a glowing silver altar of Zin.
  4098 | D:6      | Noticed an angel
  4099 | D:6      | Noticed an Executioner
  4121 | D:5      | Entered Level 5 of the Dungeon
  4121 | D:5      | Noticed an ogre
  4232 | D:4      | Noticed Purgy
  4813 | D:4      | Reached skill level 1 in Throwing
  5028 | D:4      | Noticed an ogre
  5695 | D:4      | Reached skill level 2 in Throwing
  5695 | D:4      | Reached XP level 6. HP: 43/43 MP: 6/6
  5768 | D:4      | Found a shimmering blue altar of Sif Muna.
  6243 | D:4      | Reached skill level 3 in Throwing
  6243 | D:4      | Identified Sif Muna's Grimoire of Conjuration
  7146 | D:4      | Killed Purgy
  7147 | D:4      | Reached skill level 4 in Throwing
  7147 | D:4      | Reached XP level 7. HP: 21/48 MP: 7/7
  7340 | D:4      | Reached skill level 5 in Throwing
  7637 | D:5      | Found a staircase to the Ecumenical Temple.
  7645 | Temple   | Entered the Ecumenical Temple
  8255 | D:5      | Slain by an orc

Illustrated notes

Levels and vault maps discovered:
D:1:      dpeg_arrival_windows_large_door, layout_basic, serial_bayou,
          serial_bayou_shore_a, serial_bayou_lagoon_a, serial_bayou_crossing,
          serial_bayou_lake_a, serial_bayou_pond_e,
          hellmonk_ecumenical_altar_dog_temple
D:2:      layout_basic, nicolae_underground_beach
D:3:      layout_rooms, fedhas_altar_1, nicolae_overflow_crystal_walls
D:4:      layout_layer_cave, led_sif_book, uniq_purgy
D:5:      layout_cave_pools, minmay_temple_entry_mini_moons, serial_shops,
          kennysheep_mini, nicolae_shop_behind_doors, kennysheep_little_box,
          shop, nicolae_shop_window_shopping, water_boxes_lemuel
D:6:      layout_layer_cave, grunt_temple_overflow_order_and_chaos_2,
          serial_shops, nicolae_shop_statue_plus, portal_sewer_entry_e,
          minmay_stone_trees_small
D:7:      layout_loops_ring, nzn_wu_jian_contemplation, worms_lemuel,
          uniq_joseph
Temple:   oiseaux_autumnal_temple

Skill      XL: |  1  2  3  4  5  6  7 |
---------------+----------------------+-----
Axes           | 3 |  3.5
Fighting       | 4 |  4.1
Shields        | 4 |  4.1
Throwing       | 2 4 5 |  5.7
Dodging        | |  3.0

Action                   |  1- 3 |  4- 6 |  7- 9 || total
-------------------------+-------+-------+-------++-------
Melee: War axe           |    69 |    91 |    21 ||   181
       Tentacles         |    10 |    19 |     2 ||    31
       Constrict         |    15 |    24 |     5 ||    44
Throw: Boomerang         |       |     4 |     8 ||    12
Evoke: Wand              |       |     8 |       ||     8
  Use: Potion            |       |     1 |     1 ||     2
 Stab: Sleeping          |     5 |     5 |       ||    10
       Distracted        |       |     1 |       ||     1
Armor: Skin              |     8 |     5 |       ||    13
Dodge: Dodged            |    47 |    68 |    11 ||   126
Block: Kite shield       |    39 |    52 |    16 ||   107

Table legend: (Time is in decaauts)
 A = Elapsed time spent in this place.
 B = Non-inter-level travel time spent in this place.
 C = Inter-level travel time spent in this place.
 D = Time resting spent in this place.
 E = Time spent auto-exploring this place.
 F = Levels seen in this place.
 G = Mean time per level.
                   A        B        C        D        E       F      G
               +--------+--------+--------+--------+--------+-----+--------+
         Total |   8365 |   8228 |    137 |   2454 |   4527 |   8 | 1045.6 |
       Dungeon |   8088 |   7976 |    112 |   2454 |   4277 |   7 | 1155.4 |
        Temple |    276 |    251 |     25 |      0 |    250 |   1 |  276.0 |
               +--------+--------+--------+--------+--------+-----+--------+

Top non-repeatable levels by time:
     D:4: 3042 daAuts
     D:2: 1942 daAuts
     D:1: 1392 daAuts
     D:3: 1053 daAuts
     D:5: 466 daAuts
  Temple: 276 daAuts
     D:6: 167 daAuts
     D:7: 23 daAuts
